 Dungeon Crawl Stone Soup version 0.27.1-3-gb3d3a73c9e (webtiles) character file.

Game seed: 8828658732995908662

644 earthworldpsion the Bolt Thrower (level 7, -9/62 HPs)
             Began as a Deep Dwarf Hunter on Oct 17, 2021.
             Was a Follower of Uskayaw.
             Mangled by a yak (10 damage)
             ... on level 6 of the Dungeon.
             The game lasted 00:27:44 (4656 turns).

earthworldpsion the Bolt Thrower (DDHu)             Turns: 4656, Time: 00:27:45

Health: -9/62      AC:  7    Str: 16    XL:     7   Next: 27%
Magic:  4/4        EV: 11    Int: 12    God:    Uskayaw [*.....]
Gold:   358        SH:  0    Dex: 14    Spells: 6/6 levels left

rFire    . . .     SeeInvis +   y - +6 short sword "Heogo" {flame, SInv}
rCold    . . .     Faith    .   (no shield)
rNeg     . . .     Spirit   .   s - +1 ring mail
rPois    .         Reflect  .   u - +0 helmet
rElec    .         Harm     .   (no cloak)
rCorr    .         Rampage  .   (no gloves)
Will     +....                  (no boots)
Stlth    +.........             r - amulet of the acrobat
HPRegen  0.00/turn              (no ring)
MPRegen  0.09/turn              (no ring)

@: no status effects
A: damage resistance, heal wounds, sense surroundings 1, no regeneration
a: Heal Wounds, Renounce Religion, Stomp


You were on level 6 of the Dungeon.
You worshipped Uskayaw.
Uskayaw was noncommittal.
You visited 2 branches of the dungeon, and saw 7 of its levels.

You collected 358 gold pieces.

Inventory:

Hand Weapons
 a - a +1 hand crossbow
 b - a +0 short sword
 y - the +6 short sword "Heogo" (weapon) {flame, SInv}
   (You found it on level 4 of the Dungeon)

   It burns those it strikes, dealing additional fire damage.
   SInv:      It lets you see invisible.
Missiles
 d - 40 bolts
 p - 2 throwing nets (quivered)
Armour
 c - a +0 leather armour
 o - a +0 pair of boots
 s - a +1 ring mail (worn)
 u - a +0 helmet (worn)
Magical Staves
 g - a staff of poison
Jewellery
 r - an amulet of the acrobat (around neck)
 v - an amulet of magic regeneration
Scrolls
 f - a scroll of brand weapon {unknown}
 h - a scroll of magic mapping {unknown}
 i - 4 scrolls of teleportation
 q - 2 scrolls of blinking
 w - a scroll of noise {unknown}
 x - a scroll of enchant weapon {unknown}
 z - a scroll of holy word {unknown}
Potions
 e - 2 potions of berserk rage
 j - a potion of brilliance {unknown}
 k - 2 potions of lignification
 l - 5 potions of heal wounds
 m - 4 potions of degeneration
 n - a potion of curing {unknown}
 t - a potion of mutation {unknown}


   Skills:
 + Level 3.5 Fighting
 + Level 1.1 Short Blades
 + Level 7.7 Crossbows
 + Level 3.2 Armour
 + Level 2.9 Dodging
 + Level 1.5 Stealth


You had 6 spell levels left.
You didn't know any spells.
Your spell library contained the following spells:

 Spells                   Type           Power      Damage    Failure   Level
 Ozocubu's Armour         Ice            0%         N/A       88%         3
 Ozocubu's Refrigeration  Ice            0%         4d5       100%        7


Dungeon Overview and Level Annotations

Branches:
Dungeon (6/15)             Temple (1/1) D:5

Altars:
Dithmenos
Elyvilon
Fedhas
Gozag
Hepliaklqana
Okawaru
Ru
Sif Muna
Trog
Uskayaw
Vehumet
Wu Jian
Yredelemnul
Zin


Innate Abilities, Weirdness & Mutations

You are resistant to damage.
You can heal yourself by infusing magical energy.
You passively map a small area around you.
You do not regenerate.


Message History

Press: ? - help, Q - select action, (/) - cycle Shift-Dir - straight line, f/p - yak
Aim: a yak (moderately wounded, 76% to hit)
You shoot a bolt. The bolt barely misses the yak.
The yak bellows!
The bolt hits the yak.
The yak is lightly wounded.
You hear a bellow!
A yak comes into view.
Fire: 41 bolts
Press: ? - help, Q - select action, (/) - cycle Shift-Dir - straight line, f/p - yak
Aim: a yak (moderately wounded, 76% to hit)
You shoot a bolt. The bolt hits the yak.
The yak is lightly wounded.
The yak gores you but does no damage.
You can now pass through a line of other dancers.
The +6 short sword "Heogo" {flame, SInv} bursts into flame!
y - the +6 short sword "Heogo" (weapon)
{flame, SInv} A yak comes into view.
The yak bellows!
You hit the yak but do no damage.
The yak is lightly wounded.
The yak gores you!
You closely miss the yak.
The yak is lightly wounded.
The yak gores you.
A centaur skeleton comes into view.
Your ring mail prevents you from hitting the yak.
The yak is lightly wounded.
The yak gores you!
* * * LOW HITPOINT WARNING * * *
Found a spear.
You can no longer pass through a line of other dancers.
The yak completely misses you. The yak barely misses you. The yak gores you!
* * * LOW HITPOINT WARNING * * *
You hit the yak. You burn the yak.
The yak is moderately wounded.
The yak gores you but does no damage. The yak gores you!
* * * LOW HITPOINT WARNING * * *
The yak gores you!
You die...

.... * < ..... *
*, ....., * ,
......### ,
........# * , ,
,......#.######.
,
...)...........,
#....Y.# ,* . ,
,, , ...####@###
... , , , , * *
#YYZ#...## , ,
#YY....... ,
#.........##. *,
, #..##.........
, ...,
####(..... , , .
,, (..... , , *
, ...#.. , , ,
#..*.


You could see 5 yaks and a centaur skeleton.

Vanquished Creatures
  An ogre (D:5)
  A bullfrog (D:5)
  A scorpion (D:4)
  A gnoll shaman (D:5)
  2 hounds
  2 centaur skeletons (D:5)
  A bullfrog skeleton (D:5)
  2 iguanas
  10 gnolls
  4 adders
  A worm (D:4)
  2 dart slugs
  7 orcs
  4 endoplasms
  2 giant cockroaches
  5 goblins
  9 hobgoblins
  4 quokkas
  2 ball pythons
  5 bats
  2 frilled lizards
  9 kobolds
  3 rats
80 creatures vanquished.

Notes
Turn   | Place    | Note
-------+----------+-------------------------------------------
     0 | D:1      | earthworldpsion the Deep Dwarf Hunter began the quest for
                  | the Orb.
     0 | D:1      | Reached XP level 1. HP: 19/19 MP: 1/1
   312 | D:1      | Reached XP level 2. HP: 26/26 MP: 2/2
   398 | D:1      | Found a faded altar of an unknown god.
   451 | D:1      | Reached skill level 5 in Crossbows
  1424 | D:2      | Reached XP level 3. HP: 17/32 MP: 3/3
  2107 | D:3      | Reached XP level 4. HP: 19/39 MP: 4/4
  2115 | D:3      | Reached skill level 1 in Armour
  2826 | D:4      | Reached skill level 6 in Crossbows
  2826 | D:4      | Reached XP level 5. HP: 32/46 MP: 5/5
  3132 | D:4      | Found a sacrificial altar of Ru.
  3262 | D:4      | Identified the +6 short sword "Heogo" {flame, SInv}
  3571 | D:5      | Entered Level 5 of the Dungeon
  3601 | D:5      | Reached skill level 7 in Crossbows
  3601 | D:5      | Reached XP level 6. HP: 55/55 MP: 5/5
  3682 | D:5      | Found a staircase to the Ecumenical Temple.
  3764 | Temple   | Entered the Ecumenical Temple
  3930 | Temple   | Became a worshipper of Uskayaw the Reveller
  3957 | D:5      | Reached * piety under Uskayaw
  3967 | D:5      | Reached ** piety under Uskayaw
  3972 | D:5      | HP: 1/56 [ogre (10)]
  4009 | D:5      | Reached *** piety under Uskayaw
  4011 | D:5      | Reached **** piety under Uskayaw
  4013 | D:5      | Reached XP level 7. HP: 26/62 MP: 5/5
  4042 | D:5      | Reached skill level 1 in Short Blades
  4643 | D:6      | Noticed a yak
  4643 | D:6      | Noticed a yak
  4645 | D:6      | Noticed a yak
  4647 | D:6      | Noticed a yak
  4649 | D:6      | Noticed a yak
  4656 | D:6      | HP: 1/62 [yak (9)]
  4656 | D:6      | Mangled by a yak

Illustrated notes

Levels and vault maps discovered:
D:1:      dpeg_arrival_erosion, layout_basic,
          shapermc_ecumenical_altar_mp_highgroup, grunt_decor_clamped,
          minmay_tetromino_i2
D:2:      layout_basic
D:3:      layout_basic
D:4:      layout_loops_ring, mainiacjoe_overflow_alcove_2
D:5:      layout_cave_pods, minmay_temple_entry_metal_lava
D:6:      layout_rooms, minmay_misc_feat_square
Temple:   nicolae_temple_god_jail

Skill      XL: |  1  2  3  4  5  6  7 |
---------------+----------------------+-----
Crossbows      | 5 6 7 |  7.7
Fighting       | 2 3 |  3.5
Armour         | 1 2 3 |  3.2
Short Blades   | 1 |  1.1
Dodging        | |  2.9
Stealth        | |  1.5

Action                   |  1- 3 |  4- 6 |  7- 9 || total
-------------------------+-------+-------+-------++-------
Melee: Short sword       |       |    24 |    26 ||    50
 Fire: Hand crossbow     |    78 |   106 |    17 ||   201
Invok: Stomp             |       |     1 |       ||     1
 Abil: Heal Wounds       |       |     4 |     2 ||     6
  Use: Scroll            |       |     2 |     7 ||     9
 Stab: Paralysed         |       |     1 |       ||     1
Armor: Leather armour    |     8 |     5 |       ||    13
       Ring mail         |       |    20 |     6 ||    26
Dodge: Dodged            |    17 |    61 |    28 ||   106
